AoeStats
← AiM | CyclopsTron

Socotra

505589857Analyzed
4v4 RM · 22d ago on Sep 10, 2026· 20m 59s· 8 players
Game mode
Random Map
Map size
148×148
Population
200
Speed
Normal
Resources
Standard
Victory
Conquest
Starting age
Dark Age
Ending age
Imperial Age
RankedLock teamsTeams togetherTeam positionsShared explorationLock speedFull tech treeHidden civsTurbo modeCheats
Victory
Defeat
🇲🇽 Maya · Mexico
1718
+16
🇲🇽 Magyars · Mexico
1574
+22
🇦🇷 Khitans · Argentina
1555
+22
🇨🇱 Ethiopians · Chile
1485
+26
🇨🇴 Maya · Colombia
1780
-24
🇵🇪 Mongols · Peru
1772
-24
🇨🇦 Malay · Canada
1659
-20
🇲🇽 Berbers · Mexico
1615
-18
noru
6:09 Loom
8:24 Feudal Age
10:15 Double-Bit Axe
15:57 Forging
17:46 Scale Barding Armor
el_totoroooooo
7:08 Loom
9:26 Feudal Age
9:16 Double-Bit Axe
9:17 Man-at-Arms
15:09 Forging
15:03 Horse Collar
22:30 Castle Age
[DH]TLACUACHE
1:37 Loom
14:39 Feudal Age
15:22 Double-Bit Axe
19:44 Fletching
23:10 Castle Age
Tintin
0:31 Loom
10:05 Feudal Age
12:39 Fletching
AIM | Agua cate 98
5:47 Loom
9:21 Feudal Age
9:57 Double-Bit Axe
14:15 Forging
17:13 Scale Barding Armor
21:53 Wheelbarrow
AiM | shona
6:09 Loom
8:55 Feudal Age
13:07 Fletching
AiM | CyclopsTron
0:26 Loom
11:31 Feudal Age
12:01 Double-Bit Axe
16:09 Fletching
20:17 Town Watch
AiM | Fubuki Sinri
6:05 Loom
8:43 Feudal Age
9:20 Double-Bit Axe
14:51 Horse Collar
17:36 Scale Barding Armor
23:20 Castle Age
Connection lost

Rejoining the realm…

Still unreachable

The connection could not be restored.

Session expired

The server has moved on; the page needs a fresh start.